 Dungeon Crawl Stone Soup version 0.31.0 (webtiles) character file.

Game seed: 8819729574241236903

18501 qw the Marksgargoyle (level 12, -2/77 HPs)
             Began as a Gargoyle Hunter on Jan 19, 2024.
             Was a High Priest of Okawaru.
             Slain by a cane toad (13 damage)
             ... on level 1 of the Lair of Beasts.
             The game lasted 00:01:07 (9338 turns).

qw the Marksgargoyle (Gargoyle Hunter)              Turns: 9338, Time: 00:01:08

Health: -2/77      AC: 25    Str: 20    XL:     12   Next: 59%
Magic:  17/18      EV: 14    Int: 15    God:    Okawaru [*****.]
Gold:   530        SH:  5    Dex: 17    Spells: 11/11 levels left

rFire   + . .        c - +3 triple crossbow
rCold   + . .        (shield currently unavailable)
rNeg    + . .        h - +2 leather armour {rC+}
rPois   inf          (no helmet)
rElec   +            g - +2 cloak
rCorr   .            (no gloves)
SInv    .            (no boots)
Will    .....        l - amulet of the Eight Xalams {Reflect Int+2 SH+5}
Stlth   ++           n - +4 ring of protection
HPRegen 0.32/turn    p - ring "Ucaeniuc" {rF+ AC+4 Str+4 Int+3}
MPRegen 0.16/turn

%: reflection
@: about to teleport
A: sickness immunity, AC +8, negative energy resistance 1, electricity
resistance, torment resistance 1, petrification resistance
a: Renounce Religion, Heroism, Finesse, Duel


You were on level 1 of the Lair of Beasts.
You worshipped Okawaru.
Okawaru was extremely pleased with you.
You visited 3 branches of the dungeon, and saw 13 of its levels.

You collected 706 gold pieces.
You spent 176 gold pieces at shops.


Innate Abilities, Weirdness & Mutations

You are immune to sickness and miasma.
Your stone body is resilient. (AC +8)
You are immune to poison.
You resist negative energy. (rN+)
You are resistant to electric shocks. (rElec)
You are resistant to unholy torment.
You are immune to petrification.


   Skills:
 - Level 10.0 Fighting
 + Level 15.9 Ranged Weapons
 - Level 2.1 Armour
 - Level 5.1 Dodging
 - Level 1.1 Stealth
 + Level 8.0 Invocations


You had 11 spell levels left.
You didn't know any spells.
Your spell library was empty.

Inventory:

Hand Weapons
 c - a +3 triple crossbow (weapon)
Armour
 b - +0 acid dragon scales
 g - a +2 cloak (worn)
 h - a +2 leather armour of cold resistance (worn)
 t - the +1 robe of Immorality {Int+3}
   (You found it on level 1 of the Lair of Beasts)

   Int+3:     It affects your intelligence (+3).
Jewellery
 l - the amulet of the Eight Xalams (around neck) {Reflect Int+2 SH+5}
   (You found it on level 7 of the Dungeon)

   [amulet of reflection]

   Reflect:   It reflects blocked missile attacks.
   Int+2:     It affects your intelligence (+2).
   SH+5:      It affects your SH (+5).
 n - a +4 ring of protection (left hand)
 p - the ring "Ucaeniuc" (right hand) {rF+ AC+4 Str+4 Int+3}
   (You found it on level 8 of the Dungeon)

   [ring of protection]

   AC+4:      It affects your AC (+4).
   Str+4:     It affects your strength (+4).
   Int+3:     It affects your intelligence (+3).
   rF+:       It protects you from fire.
Wands
 j - a wand of charming (8)
 k - a wand of mindburst (45)
 q - a wand of light (13)
Scrolls
 e - a scroll of enchant armour
 r - 2 scrolls of identify
Potions
 a - 2 potions of mutation
 d - 7 potions of curing
 f - 4 potions of enlightenment
 i - a potion of haste
 m - a potion of resistance
 o - 2 potions of cancellation

Dungeon Overview and Level Annotations

Branches:
Dungeon (11/15)            Temple (1/1) D:7            Lair (1/5) D:11
    Orc (0/2) D:10

Altars:
Ashenzari
Cheibriados
Dithmenos
Elyvilon
Fedhas
Gozag
Hepliaklqana
Kikubaaqudgha
Makhleb
Nemelex Xobeh
Okawaru
Qazlal
Ru
Sif Muna
Trog
Uskayaw
Vehumet
Wu Jian
Xom
Yredelemnul
Zin
The Shining One

Shops:
D:5 *   D:6 !   D:9 (

Annotations:
D:5 1 runed translucent door, Crazy Yiuf
D:10 2 runed translucent doors


Message History

Okawaru accepts your kill. The cane toad misses you.
You block the cane toad's attack.
The elephant tramples you but does no damage.
The elephant trunk-slaps you but does no damage.
You shoot a bolt. The bolt hits the elephant!
The elephant is heavily wounded.
The cane toad stings you but does no damage.
The elephant tramples you but does no damage.
You block the elephant's attack. The cane toad misses you.
You shoot a bolt.
The bolt hits the elephant but does no damage.
The elephant is heavily wounded.
The elephant completely misses you.
The elephant trunk-slaps you but does no damage.
The cane toad closely misses you. The elephant tramples you.
You hold your ground!
The elephant trunk-slaps you but does no damage.
The cane toad closely misses you.
You shoot a bolt. The bolt hits the elephant!
The elephant is heavily wounded.
The cane toad misses you. The elephant tramples you.
You hold your ground!
The elephant barely misses you.
You shoot a bolt. The bolt hits the elephant!!
The elephant is almost dead.
The cane toad stings you but does no damage.
The elephant tramples you.
You hold your ground!
The elephant barely misses you. The cane toad stings you!
The elephant barely misses you.
The elephant trunk-slaps you but does no damage.
You shoot a bolt. The bolt hits the elephant!!
You kill the elephant!
Okawaru accepts your kill. The cane toad misses you. The cane toad stings you!
The elephant tramples you!
You hold your ground!
The elephant trunk-slaps you but does no damage.
Your Invocations skill increases to level 8!
9338 ||| READING scroll of teleportation.
As you read the scroll of teleportation, it crumbles to dust.
You feel strangely unstable. The cane toad stings you!
You die...

...... .# .
.....#..
...#........#.#
....+..P#.#.#.##
###...............
...#.............#
.#.#.............#
.....Y.#...#.##YF#
.......#....Y..#@#
.......#......Y#.#
#..#...........#.#
.%## ..........#..
...# ..#.......#.#
.%.# ..........#.#
...#...#.......#.#
........##.####..##
...P..............#


You could see an elephant and a cane toad.

Vanquished Creatures
  A two-headed ogre (D:11)
  A skyshark (Lair:1)
  Pikel (D:4)
  A cyclops (D:11)
  2 elephants (Lair:1)
  Maurice (D:7)
  A gargoyle (D:11)
  A black mamba (Lair:1)
  3 cane toads (Lair:1)
  3 komodo dragons (Lair:1)
  Jeremiah (D:9)
  2 kobold demonologists (D:10)
  2 trolls
  Grinder (D:3)
  3 blink frogs (Lair:1)
  A vampire (D:10)
  4 wraiths
  14 yaks
  A basilisk (Lair:1)
  6 vampire mosquitoes (D:11)
  An acid dragon (D:10)
  6 water moccasins
  3 orc warriors
  A sky beast (D:7)
  2 ice beasts
  A black bear (D:5)
  7 ogres
  10 wolves
  5 centaurs
  A lemure (D:4)
  A phantom (D:7)
  3 kobold brigands
  14 bullfrogs
  6 gnoll sergeants
  7 scorpions
  12 wights
  10 killer bees
  2 bombardier beetles
  7 howler monkeys
  3 electric eels (D:8)
  4 jellies
  2 orc priests
  3 hounds (D:6)
  2 gnoll boudas
  2 sleepcaps
  Jessica (D:2)
  Ijyb (D:3)
  4 iguanas
  5 orc wizards
  24 gnolls
  7 adders
  4 dart slugs
  4 ribbon worms
  33 orcs
  12 bats
  8 endoplasms
  3 giant cockroaches (D:1)
  9 goblins
  7 hobgoblins
  4 jackals (D:3)
  A quokka (D:4)
  7 ball pythons
  3 frilled lizards
  15 kobolds
  9 rats
326 creatures vanquished.

Vanquished Creatures (others)
  A kobold brigand (D:8)
1 creature vanquished.

Grand Total: 327 creatures vanquished

Notes
Turn   | Place    | Note
-------+----------+-------------------------------------------
     0 | D:1      | qw the Gargoyle Hunter began the quest for the Orb.
     0 | D:1      | Reached XP level 1. HP: 12/12 MP: 1/1
     0 | D:1      | 0 ||| qw: Version: 0.3-a-132-g3d54051
     0 | D:1      | 0 ||| qw: Game counter: 240
     0 | D:1      | 0 ||| qw: Melee chars always use a shield: true
     0 | D:1      | 0 ||| qw: God list: Okawaru
     0 | D:1      | 0 ||| qw: Allow faded altars: false
     0 | D:1      | 0 ||| qw: Do Orc after clearing Dungeon:15 true
     0 | D:1      | 0 ||| qw: Do second Lair branch before Depths: true
     0 | D:1      | 0 ||| qw: Lair rune preference: random
     0 | D:1      | 0 ||| qw: Goals: Normal
     0 | D:1      | 0 ||| PLANNING D:1-11
   127 | D:1      | Reached XP level 2. HP: 17/17 MP: 2/2
   553 | D:1      | 553 ||| READING scroll labelled DYXOICL QENUS.
   554 | D:1      | 554 ||| READING scroll labelled PUHY MOEGE.
   555 | D:1      | 555 ||| READING scroll labelled YVASUSOXKI.
   555 | D:1      | 555 ||| BRANDING +0 shortbow.
   556 | D:1      | 556 ||| DRINKING 2 coppery potions.
   557 | D:1      | 557 ||| DROPPING scroll of butterflies.
   602 | D:2      | Reached XP level 3. HP: 21/21 MP: 3/3
   615 | D:2      | Reached skill level 5 in Ranged Weapons
   675 | D:2      | Found a snail-covered altar of Cheibriados.
   883 | D:2      | Reached skill level 3 in Fighting
   912 | D:2      | Noticed an ogre
   913 | D:2      | 913 ||| ZAPPING wand of flame (22) at 6,0 (ogre; floor).
   914 | D:2      | 914 ||| ZAPPING wand of flame (21) at 5,0 (ogre; floor).
   915 | D:2      | 915 ||| ZAPPING wand of flame (20) at 4,0 (ogre; floor).
   916 | D:2      | 916 ||| ZAPPING wand of flame (19) at 3,0 (ogre; floor).
   917 | D:2      | 917 ||| ZAPPING wand of flame (18) at 2,0 (ogre; floor).
   918 | D:2      | 918 ||| ZAPPING wand of flame (17) at 1,0 (ogre; floor).
   918 | D:2      | Killed an ogre
   919 | D:2      | Reached skill level 6 in Ranged Weapons
   919 | D:2      | Reached XP level 4. HP: 28/28 MP: 4/4
   919 | D:2      | Reached XP level 5. HP: 32/32 MP: 5/5
   960 | D:2      | Noticed Jessica
   965 | D:2      | 965 ||| ZAPPING wand of flame (16) at -1,-1 (Jessica;
                  | floor).
   966 | D:2      | 966 ||| ZAPPING wand of flame (15) at -1,-1 (Jessica;
                  | floor).
   966 | D:2      | Killed Jessica
   967 | D:2      | 967 ||| FLEEEEING.
  1096 | D:2      | 1096 ||| UPGRADING to +2 leather armour of cold resistance.
  1106 | D:2      | 1106 ||| DROPPING +0 leather armour.
  1107 | D:2      | 1107 ||| READING 3 scrolls labelled ORYSTR WESEIGH.
  1107 | D:2      | 1107 ||| IDENTIFYING fuming dark potion
  1108 | D:2      | 1108 ||| READING 2 scrolls of identify.
  1108 | D:2      | 1108 ||| IDENTIFYING scroll labelled WYSUFI OGIA
  1109 | D:2      | 1109 ||| DROPPING potion of attraction.
  1129 | D:3      | 1129 ||| SWAPPING to +0 triple crossbow.
  1130 | D:3      | 1130 ||| DROPPING +0 shortbow of flaming.
  1206 | D:3      | Found an opulent altar of Gozag.
  1480 | D:3      | Noticed Grinder
  1482 | D:3      | Killed Grinder
  1483 | D:3      | Reached skill level 7 in Ranged Weapons
  1483 | D:3      | Reached XP level 6. HP: 38/38 MP: 6/6
  1509 | D:3      | Noticed Ijyb
  1513 | D:3      | Killed Ijyb
  1514 | D:3      | Reached XP level 7. HP: 43/43 MP: 7/7
  1543 | D:3      | 1543 ||| FLEEEEING.
  1826 | D:3      | 1826 ||| READING 3 scrolls of identify.
  1826 | D:3      | 1826 ||| IDENTIFYING metallic green potion
  1827 | D:3      | 1827 ||| READING 2 scrolls of identify.
  1827 | D:3      | 1827 ||| IDENTIFYING scroll labelled EXISESAYHE
  1828 | D:3      | 1828 ||| READING scroll of identify.
  1828 | D:3      | 1828 ||| IDENTIFYING 2 scrolls labelled FUQONU JOPACKU
  1829 | D:3      | 1829 ||| READING 2 scrolls of enchant weapon.
  1829 | D:3      | 1829 ||| ENCHANTING +0 triple crossbow.
  1830 | D:3      | 1830 ||| READING scroll of enchant weapon.
  1830 | D:3      | 1830 ||| ENCHANTING +1 triple crossbow.
  1831 | D:3      | 1831 ||| READING 2 scrolls labelled GAIL CULEO.
  1832 | D:3      | 1832 ||| DROPPING scroll of revelation.
  2063 | D:4      | Reached skill level 8 in Ranged Weapons
  2066 | D:4      | Reached skill level 1 in Armour
  2325 | D:4      | Noticed Pikel
  2326 | D:4      | 2326 ||| RETREEEEATING.
  2327 | D:4      | 2327 ||| RETREEEEATING.
  2330 | D:4      | 2330 ||| RETREEEEATING.
  2331 | D:4      | 2331 ||| ZAPPING wand of mindburst (15) at 0,-1 (Pikel;
                  | floor).
  2332 | D:4      | 2332 ||| ZAPPING wand of mindburst (14) at 0,-1 (Pikel;
                  | floor).
  2333 | D:4      | 2333 ||| ZAPPING wand of mindburst (13) at 0,-1 (Pikel;
                  | floor).
  2334 | D:4      | 2334 ||| ZAPPING wand of mindburst (12) at 0,-1 (Pikel;
                  | floor).
  2335 | D:4      | 2335 ||| ZAPPING wand of mindburst (11) at 0,-1 (Pikel;
                  | floor).
  2335 | D:4      | Killed Pikel
  2336 | D:4      | Reached XP level 8. HP: 34/53 MP: 8/8
  2460 | D:4      | 2460 ||| DRINKING 3 red potions.
  2481 | D:5      | Entered Level 5 of the Dungeon
  2508 | D:5      | 2508 ||| RETREEEEATING.
  2512 | D:5      | 2512 ||| RETREEEEATING.
  2513 | D:5      | 2513 ||| RETREEEEATING.
  2519 | D:5      | Reached skill level 9 in Ranged Weapons
  2519 | D:5      | 2519 ||| RETREEEEATING.
  2521 | D:5      | 2521 ||| RETREEEEATING.
  2522 | D:5      | 2522 ||| RETREEEEATING.
  2523 | D:5      | 2523 ||| RETREEEEATING.
  2524 | D:5      | 2524 ||| RETREEEEATING.
  2536 | D:5      | HP: 12/53 [adder (2)]
  2537 | D:5      | 2537 ||| READING 2 scrolls of teleportation.
  2537 | D:5      | HP: 5/53 [iguana (7)]
  2540 | D:5      | 2540 ||| READING scroll of teleportation.
  2542 | D:5      | HP: 2/53 [centaur/arrow (6)]
  2609 | D:5      | Reached XP level 9. HP: 23/57 MP: 9/9
  2648 | D:5      | Reached skill level 10 in Ranged Weapons
  2756 | D:5      | 2756 ||| FLEEEEING.
  2766 | D:5      | 2766 ||| FLEEEEING.
  2767 | D:5      | 2767 ||| FLEEEEING.
  2768 | D:5      | 2768 ||| STAIRDANCE
  2835 | D:4      | 2835 ||| READING scroll of identify.
  2835 | D:4      | 2835 ||| IDENTIFYING bubbling coppery potion
  2836 | D:4      | 2836 ||| READING scroll labelled QAC WEAMEM.
  2837 | D:4      | 2837 ||| DROPPING wand of flame (14).
  2847 | D:5      | 2847 ||| STAIRDANCE
  2862 | D:5      | 2862 ||| STAIRDANCE
  2865 | D:4      | 2865 ||| FLEEEEING.
  2931 | D:5      | 2931 ||| STAIRDANCE
  2934 | D:4      | Reached skill level 3 in Dodging
  2969 | D:5      | 2969 ||| FLEEEEING.
  2978 | D:5      | 2978 ||| STAIRDANCE
  3036 | D:4      | 3036 ||| READING scroll of identify.
  3036 | D:4      | 3036 ||| IDENTIFYING lumpy red potion
  3037 | D:4      | 3037 ||| DROPPING potion of lignification.
  3195 | D:5      | Found Hihis's Overcharged Wands.
  3206 | D:5      | 3206 ||| SHOPLISTING wand of charming (18) (648 gold, have
                  | 209).
  3206 | D:5      | 3206 ||| SHOPLISTING wand of digging (11) (693 gold, have
                  | 209).
  3206 | D:5      | 3206 ||| SHOPLISTING wand of light (18) (1134 gold, have
                  | 209).
  3206 | D:5      | 3206 ||| SHOPLISTING wand of roots (18) (648 gold, have
                  | 209).
  3370 | D:5      | Found a runed translucent door.
  3371 | D:5      | Noticed Crazy Yiuf
  3374 | D:5      | 3374 ||| READING scroll labelled UJOEQO PAMM.
  3439 | D:6      | Found Yneziqe's Distillery.
  3453 | D:6      | 3453 ||| BUYING 2 potions of enlightenment (110 gold).
  3453 | D:6      | Bought 2 potions of enlightenment for 110 gold pieces
  3453 | D:6      | 3453 ||| BUYING potion of curing (33 gold).
  3453 | D:6      | Bought a potion of curing for 33 gold pieces
  3453 | D:6      | 3453 ||| BUYING potion of curing (33 gold).
  3453 | D:6      | Bought a potion of curing for 33 gold pieces
  3453 | D:6      | 3453 ||| SHOPLISTING potion of haste (110 gold, have 43).
  3453 | D:6      | 3453 ||| SHOPLISTING potion of might (44 gold, have 43).
  3453 | D:6      | 3453 ||| SHOPLISTING potion of mutation (88 gold, have 43).
  3515 | D:6      | Reached skill level 11 in Ranged Weapons
  3683 | D:6      | Found a blossoming altar of Fedhas.
  4012 | D:6      | 4012 ||| DROPPING +6 ring of intelligence.
  4013 | D:6      | 4013 ||| UPGRADING to +4 ring of protection.
  4014 | D:6      | 4014 ||| READING scroll of identify.
  4014 | D:6      | 4014 ||| IDENTIFYING bubbling brown potion
  4015 | D:6      | 4015 ||| READING scroll labelled DUEPPA EROAGAM.
  4016 | D:6      | 4016 ||| READING scroll labelled GUJADW BEAL.
  4017 | D:6      | 4017 ||| FLEEEEING.
  4127 | D:6      | 4127 ||| DROPPING potion of degeneration.
  4189 | D:7      | 4189 ||| FLEEEEING.
  4197 | D:7      | 4197 ||| STAIRDANCE
  4237 | D:7      | Noticed Maurice
  4240 | D:7      | Killed Maurice
  4241 | D:7      | Reached skill level 12 in Ranged Weapons
  4241 | D:7      | Reached XP level 10. HP: 45/64 MP: 10/10
  4241 | D:7      | 4241 ||| FLEEEEING.
  4242 | D:7      | 4242 ||| FLEEEEING.
  4243 | D:7      | 4243 ||| FLEEEEING.
  4244 | D:7      | 4244 ||| FLEEEEING.
  4245 | D:7      | 4245 ||| FLEEEEING.
  4246 | D:7      | 4246 ||| FLEEEEING.
  4247 | D:7      | 4247 ||| FLEEEEING.
  4249 | D:7      | 4249 ||| FLEEEEING.
  4250 | D:7      | 4250 ||| FLEEEEING.
  4251 | D:7      | 4251 ||| FLEEEEING.
  4252 | D:7      | 4252 ||| STAIRDANCE
  4313 | D:7      | 4313 ||| STAIRDANCE
  4326 | D:7      | 4326 ||| STAIRDANCE
  4328 | D:6      | 4328 ||| FLEEEEING.
  4439 | D:7      | Identified the amulet of the Eight Xalams {Reflect Int+2
                  | SH+5}
  4567 | D:7      | Found a staircase to the Ecumenical Temple.
  4568 | D:7      | 4568 ||| PLANNING TEMPLE
  4580 | D:7      | 4580 ||| UPGRADING to +0 cloak.
  4585 | D:7      | 4585 ||| READING 3 scrolls of enchant armour.
  4585 | D:7      | 4585 ||| ENCHANTING +0 cloak.
  4586 | D:7      | 4586 ||| READING 2 scrolls of enchant armour.
  4586 | D:7      | 4586 ||| ENCHANTING +1 cloak.
  4587 | D:7      | 4587 ||| UPGRADING to amulet of the Eight Xalams {Reflect
                  | Int+2 SH+5}.
  4600 | Temple   | Entered the Ecumenical Temple
  4601 | Temple   | 4601 ||| PLANNING OKAWARU WORSHIP
  4623 | Temple   | Became a worshipper of Warmaster Okawaru
  4624 | Temple   | 4624 ||| PLANNING D:1-11
  4892 | D:7      | 4892 ||| FLEEEEING.
  5226 | D:7      | 5226 ||| DROPPING ring of wizardry.
  5227 | D:7      | 5227 ||| READING scroll labelled JUIRIK ANASYN.
  5362 | D:8      | Identified the ring "Ucaeniuc" {rF+ AC+4 Str+4 Int+3}
  5402 | D:8      | 5402 ||| FLEEEEING.
  5446 | D:8      | 5446 ||| RETREEEEATING.
  5449 | D:8      | 5449 ||| RETREEEEATING.
  5450 | D:8      | 5450 ||| RETREEEEATING.
  5451 | D:8      | 5451 ||| RETREEEEATING.
  5455 | D:8      | Reached * piety under Okawaru
  5520 | D:8      | Reached skill level 13 in Ranged Weapons
  5541 | D:8      | Reached skill level 1 in Invocations
  5655 | D:8      | 5655 ||| FLEEEEING.
  5656 | D:8      | 5656 ||| FLEEEEING.
  5657 | D:8      | 5657 ||| FLEEEEING.
  5658 | D:8      | 5658 ||| FLEEEEING.
  5826 | D:8      | 5826 ||| READING scroll of enchant weapon.
  5826 | D:8      | 5826 ||| ENCHANTING +2 triple crossbow.
  5933 | D:8      | 5933 ||| DROPPING amulet of reflection.
  5944 | D:8      | 5944 ||| FLEEEEING.
  5965 | D:8      | 5965 ||| UPGRADING to ring "Ucaeniuc" {rF+ AC+4 Str+4
                  | Int+3}.
  5966 | D:8      | 5966 ||| DRINKING 2 inky potions.
  6004 | D:9      | Found an ancient bone altar of Kikubaaqudgha.
  6008 | D:9      | Found a broken altar of Ashenzari.
  6012 | D:9      | Found a shimmering altar of Xom.
  6030 | D:9      | Reached skill level 3 in Invocations
  6040 | D:9      | Found Ufyinuo's Weapon Emporium.
  6046 | D:9      | 6046 ||| READING scroll of identify.
  6046 | D:9      | 6046 ||| IDENTIFYING amethyst potion
  6275 | D:9      | Reached ** piety under Okawaru
  6276 | D:9      | Reached skill level 9 in Fighting
  6276 | D:9      | 6276 ||| FLEEEEING.
  6277 | D:9      | 6277 ||| FLEEEEING.
  6278 | D:9      | 6278 ||| FLEEEEING.
  6279 | D:9      | 6279 ||| FLEEEEING.
  6280 | D:9      | 6280 ||| FLEEEEING.
  6281 | D:9      | 6281 ||| FLEEEEING.
  6345 | D:9      | Found a snail-covered altar of Cheibriados.
  6438 | D:9      | Identified the +3 scale mail "Tari" {Will+ Dex+5}
  6591 | D:9      | Noticed Jeremiah
  6595 | D:9      | 6595 ||| INVOKING Heroism.
  6597 | D:9      | Killed Jeremiah
  6611 | D:9      | 6611 ||| READING 2 scrolls of identify.
  6611 | D:9      | 6611 ||| IDENTIFYING white potion
  6645 | D:10     | Entered Level 10 of the Dungeon
  6647 | D:10     | 6647 ||| STAIRDANCE
  6654 | D:9      | Reached XP level 11. HP: 51/71 MP: 14/14
  6734 | D:10     | 6734 ||| STAIRDANCE
  6736 | D:9      | 6736 ||| FLEEEEING.
  6827 | D:10     | Found a staircase to the Orcish Mines.
  6828 | D:10     | 6828 ||| RETREEEEATING.
  6857 | D:10     | Reached skill level 14 in Ranged Weapons
  6857 | D:10     | 6857 ||| FLEEEEING.
  6858 | D:10     | 6858 ||| FLEEEEING.
  6859 | D:10     | 6859 ||| FLEEEEING.
  6861 | D:10     | 6861 ||| FLEEEEING.
  6862 | D:10     | 6862 ||| FLEEEEING.
  6863 | D:10     | 6863 ||| FLEEEEING.
  6864 | D:10     | 6864 ||| FLEEEEING.
  6865 | D:10     | 6865 ||| FLEEEEING.
  6866 | D:10     | 6866 ||| FLEEEEING.
  6867 | D:10     | 6867 ||| FLEEEEING.
  6868 | D:10     | 6868 ||| FLEEEEING.
  6869 | D:10     | 6869 ||| FLEEEEING.
  6875 | D:10     | HP: 17/71 [gnoll/+0 whip (3)]
  6876 | D:10     | 6876 ||| READING scroll of teleportation.
  6877 | D:10     | 6877 ||| DRINKING potion of heal wounds.
  6892 | D:10     | 6892 ||| FLEEEEING.
  6935 | D:10     | 6935 ||| FLEEEEING.
  6936 | D:10     | 6936 ||| FLEEEEING.
  6937 | D:10     | 6937 ||| FLEEEEING.
  6938 | D:10     | 6938 ||| STAIRDANCE
  7072 | D:10     | 7072 ||| INVOKING Heroism.
  7100 | D:10     | Found a large runed translucent door.
  7100 | D:10     | Found a large runed translucent door.
  7177 | D:9      | Found a glowing silver altar of Zin.
  7177 | D:9      | Found a shadowy altar of Dithmenos.
  7236 | D:10     | Reached *** piety under Okawaru
  7237 | D:10     | Noticed a soul eater
  7237 | D:10     | 7237 ||| RETREEEEATING.
  7239 | D:10     | 7239 ||| RETREEEEATING.
  7332 | D:10     | 7332 ||| DRINKING 8 potions of curing.
  7332 | D:10     | 7332 ||| (to cure confusion)
  7644 | D:10     | 7644 ||| DROPPING amulet of regeneration.
  7714 | D:11     | Found a staircase to the Lair.
  7750 | D:11     | 7750 ||| INVOKING Heroism.
  7926 | D:11     | 7926 ||| FLEEEEING.
  7995 | D:11     | Noticed a cyclops
  7996 | D:11     | 7996 ||| INVOKING Heroism.
  7997 | D:11     | Killed a cyclops
  8106 | D:11     | Reached **** piety under Okawaru
  8113 | D:11     | 8113 ||| RETREEEEATING.
  8114 | D:11     | 8114 ||| RETREEEEATING.
  8115 | D:11     | 8115 ||| RETREEEEATING.
  8116 | D:11     | 8116 ||| RETREEEEATING.
  8117 | D:11     | 8117 ||| RETREEEEATING.
  8128 | D:11     | 8128 ||| FLEEEEING.
  8214 | D:11     | Noticed a two-headed ogre
  8215 | D:11     | 8215 ||| INVOKING Finesse.
  8218 | D:11     | Killed a two-headed ogre
  8219 | D:11     | Reached skill level 15 in Ranged Weapons
  8257 | D:11     | Found a snail-covered altar of Cheibriados.
  8258 | D:11     | 8258 ||| READING 2 scrolls of identify.
  8258 | D:11     | 8258 ||| IDENTIFYING scroll labelled NEURPH LILL
  8259 | D:11     | 8259 ||| DROPPING scroll of summoning.
  8558 | D:11     | 8558 ||| PLANNING LAIR
  8573 | Lair:1   | Entered Level 1 of the Lair of Beasts
  8574 | Lair:1   | 8574 ||| STAIRDANCE
  8588 | Lair:1   | 8588 ||| INVOKING Finesse.
  8589 | Lair:1   | 8589 ||| INVOKING Finesse.
  8599 | Lair:1   | 8599 ||| STAIRDANCE
  8629 | D:11     | 8629 ||| FLEEEEING.
  8707 | Lair:1   | 8707 ||| STAIRDANCE
  8721 | Lair:1   | 8721 ||| STAIRDANCE
  8723 | D:11     | 8723 ||| FLEEEEING.
  8780 | Lair:1   | Noticed a skyshark
  8781 | Lair:1   | 8781 ||| INVOKING Finesse.
  8785 | Lair:1   | Killed a skyshark
  8786 | Lair:1   | Reached XP level 12. HP: 77/77 MP: 9/15
  8867 | Lair:1   | 8867 ||| RETREEEEATING.
  8868 | Lair:1   | 8868 ||| RETREEEEATING.
  8869 | Lair:1   | 8869 ||| RETREEEEATING.
  8872 | Lair:1   | Reached skill level 6 in Invocations
  8879 | Lair:1   | 8879 ||| FLEEEEING.
  8968 | Lair:1   | 8968 ||| RETREEEEATING.
  8969 | Lair:1   | 8969 ||| RETREEEEATING.
  8970 | Lair:1   | 8970 ||| RETREEEEATING.
  8971 | Lair:1   | 8971 ||| RETREEEEATING.
  8972 | Lair:1   | 8972 ||| RETREEEEATING.
  8974 | Lair:1   | 8974 ||| INVOKING Finesse.
  8977 | Lair:1   | 8977 ||| RETREEEEATING.
  9102 | Lair:1   | 9102 ||| RETREEEEATING.
  9104 | Lair:1   | 9104 ||| RETREEEEATING.
  9107 | Lair:1   | 9107 ||| RETREEEEATING.
  9108 | Lair:1   | 9108 ||| RETREEEEATING.
  9110 | Lair:1   | 9110 ||| FLEEEEING.
  9112 | Lair:1   | 9112 ||| FLEEEEING.
  9113 | Lair:1   | 9113 ||| FLEEEEING.
  9114 | Lair:1   | 9114 ||| FLEEEEING.
  9115 | Lair:1   | 9115 ||| FLEEEEING.
  9116 | Lair:1   | 9116 ||| FLEEEEING.
  9120 | Lair:1   | 9120 ||| RETREEEEATING.
  9121 | Lair:1   | 9121 ||| RETREEEEATING.
  9122 | Lair:1   | 9122 ||| RETREEEEATING.
  9132 | Lair:1   | Reached ***** piety under Okawaru
  9185 | Lair:1   | Identified the +1 robe of Immorality {Int+3}
  9199 | Lair:1   | 9199 ||| RETREEEEATING.
  9201 | Lair:1   | 9201 ||| RETREEEEATING.
  9216 | Lair:1   | 9216 ||| FLEEEEING.
  9217 | Lair:1   | 9217 ||| FLEEEEING.
  9317 | Lair:1   | 9317 ||| RETREEEEATING.
  9318 | Lair:1   | 9318 ||| RETREEEEATING.
  9319 | Lair:1   | 9319 ||| RETREEEEATING.
  9320 | Lair:1   | 9320 ||| RETREEEEATING.
  9321 | Lair:1   | 9321 ||| RETREEEEATING.
  9324 | Lair:1   | 9324 ||| RETREEEEATING.
  9325 | Lair:1   | 9325 ||| RETREEEEATING.
  9337 | Lair:1   | HP: 17/77 [cane toad (13)]
  9338 | Lair:1   | 9338 ||| READING scroll of teleportation.
  9338 | Lair:1   | Slain by a cane toad

Levels and vault maps discovered:
D:1:      heliophobic_arrival_dark_side_of_the_moon, layout_basic
D:2:      layout_loops_ring, basic_altar, uniq_jessica
D:3:      layout_loops_ring, grunt_gozag_statues, minmay_increasing_density,
          uniq_ijyb, uniq_grinder
D:4:      cheibrodos_helix_gallery, layout_loops_ring, dreamdust_wishing_well,
          uniq_pikel
D:5:      layout_cave_pools, kb_lookout_dungeons_type, serial_bayou_pond_b,
          nicolae_shop_overcharged_wands, uniq_crazy_yiuf_cottage
D:6:      layout_loops_ring, fedhas_altar_1, serial_shops, shop
D:7:      layout_basic, minmay_temple_entry_statues_fountains,
          minmay_curled_crystal, uniq_maurice
D:8:      layout_rooms, serial_bayou, serial_bayou_ford_a, serial_bayou_shore_a,
          serial_bayou_pond_e, serial_bayou_crossing, serial_bayou_pond_e
D:9:      layout_loops_ring, mainiacjoe_overflow_small_starburst,
          nicolae_overflow_hidden_temple, serial_shops, nicolae_shop_crystal,
          serial_bayou_pond_d, uniq_jeremiah
D:10:     layout_roguey, kennysheep_orc_monster_closet_entryway,
          lightli_elemental_guards
D:11:     layout_basic, lair_entry_dummy, cheibrodos_worm_habitat
Temple:   minmay_temple_curvy_branch
Lair:1:   layout_regular_city, minmay_shattered_shrine, serial_bayou_shore_b,
          grunt_megastairs_1

Skill      XL: |  1  2  3  4  5  6  7  8  9 10 11 12 |
---------------+-------------------------------------+-----
Ranged Weapons | 6 7 8 9 12 13 15 | 15.9
Fighting       | 3 4 7 8 9 10 | 10.0
Dodging        | 2 3 4 5 |  5.1
Armour         | 1 2 |  2.1
Invocations    | 4 5 8 |  8.0
Stealth        | |  1.1

Action                     |  1- 3 |  4- 6 |  7- 9 | 10-12 || total
---------------------------+-------+-------+-------+-------++-------
   Fire: Shortbow          |   103 |     4 |       |       ||   107
         Triple crossbow   |       |    35 |   193 |   471 ||   699
 Invoke: Heroism           |       |       |       |     4 ||     4
         Finesse           |       |       |       |     4 ||     4
  Evoke: Wand              |     6 |     2 |     5 |       ||    13
    Use: Scroll            |     3 |     2 |    15 |     9 ||    29
         Potion            |     1 |       |     1 |     3 ||     5
 Armour: Leather armour    |    30 |     3 |   143 |   346 ||   522
  Dodge: Dodged            |    31 |    16 |   180 |   327 ||   554
  Block: Other             |       |       |       |    84 ||    84
         Reflection        |       |       |       |     2 ||     2

Table legend:
 A = Non-vault XP
 B = Vault XP
 C = Vault XP percentage of total XP
 D = Non-vault monster count
 E = Vault monster count
 F = Vault count percentage of total count
                 A         B        C        D         E       F
            +---------+---------+-------+---------+---------+-------
      Total |   19101 |    7329 |  27.7 |     267 |      59 |  18.1
            +---------+---------+-------+---------+---------+-------
        D:1 |      29 |       0 |   0.0 |      19 |       0 |   0.0
        D:2 |     167 |      37 |  18.1 |      18 |       1 |   5.3
        D:3 |     143 |     379 |  72.6 |      29 |      11 |  27.5
        D:4 |     183 |     734 |  80.0 |      26 |       3 |  10.3
        D:5 |    1145 |     345 |  23.2 |      20 |       7 |  25.9
        D:6 |     722 |       0 |   0.0 |      14 |       0 |   0.0
        D:7 |    2017 |     454 |  18.4 |      35 |       1 |   2.8
        D:8 |    1478 |       0 |   0.0 |      25 |       0 |   0.0
        D:9 |    1040 |     358 |  25.6 |      18 |       1 |   5.3
       D:10 |    1858 |    1571 |  45.8 |      21 |      18 |  46.2
       D:11 |    4340 |      98 |   2.2 |      18 |       2 |  10.0
     Lair:1 |    5979 |    3353 |  35.9 |      24 |      15 |  38.5
            +---------+---------+-------+---------+---------+-------
